 Dungeon Crawl Stone Soup version 0.26.0-16-gc1dbca0489 (webtiles) character file.

Game seed: 7338136056860882177

4249 112233 the Spear-Bearer (level 10, -9/72 HPs)
             Began as an Octopode Gladiator on Jan 18, 2021.
             Was an Initiate of Gozag.
             Mangled by a troll (14 damage)
             ... on level 8 of the Dungeon.
             The game lasted 00:09:28 (9981 turns).

112233 the Spear-Bearer (Octopode Gladiator)        Turns: 9981, Time: 00:09:29

Health: -9/72      AC:  1    Str: 14    XL:     10   Next: 31%
Magic:  10/10      EV: 19    Int: 11    God:    Gozag
Gold:   863        SH:  0    Dex: 16    Spells: 9/9 levels left

rFire    . . .     SeeInvis .   w - +5 spear
rCold    . . .     Faith    .   (no shield)
rNeg     . . .     Spirit   .   b - +0 hat
rPois    +         Reflect  .   (no amulet)
rElec    .         Harm     .   C - ring of poison resistance
rCorr    .         Rampage  .   (no ring)
Will     .....                  (no ring)
Stlth    ++........             (no ring)
HPRegen  0.22/turn              (no ring)
MPRegen  0.12/turn              (no ring)
                                (no ring)
                                (no ring)

@: no status effects
A: almost no armour, stealthy swim, amphibious, 8 rings, constrict 8, camouflage
1, gelatinous body 1
a: Renounce Religion, Potion Petition, Call Merchant, Bribe Branch


You were on level 8 of the Dungeon.
You worshipped Gozag.
Gozag was pleased with you.
You visited 1 branch of the dungeon, and saw 8 of its levels.

You collected 1216 gold pieces.
You spent 300 gold pieces at shops.
You paid 53 gold pieces to Gozag.

Inventory:

Hand Weapons
 a - a +0 trident
 w - a +5 spear (weapon)
Missiles
 c - 3 throwing nets {!f}
 m - 19 poisoned darts (quivered)
Armour
 b - a +0 hat (worn)
Jewellery
 C - a ring of poison resistance (left tentacle)
Wands
 u - a wand of iceblast (6)
 y - a wand of flame (30)
Scrolls
 d - 4 scrolls of fog
 h - a scroll of identify {@r1}
 j - a scroll of immolation
 n - 4 scrolls of remove curse {@r2}
 s - 2 scrolls of magic mapping
 v - a scroll of blinking {unknown}
 x - 4 scrolls of enchant armour
Potions
 g - a potion of brilliance
 k - a potion of resistance {unknown}
 o - 2 potions of attraction
 p - a potion of heal wounds {unknown}
 q - a potion of mutation {unknown}
 r - a potion of berserk rage {unknown}
 z - 2 potions of degeneration {unknown}
 A - 2 potions of flight {unknown}


   Skills:
 + Level 7.9 Fighting
 * Level 10.5 Polearms
 - Level 2.0 Throwing
 + Level 8.1 Dodging


You had 9 spell levels left.
You didn't know any spells.
Your spell library was empty.

Dungeon Overview and Level Annotations

Branches:
Dungeon (8/15)             Temple (0/1) D:7            Lair (0/6) D:8

Altars:
Ashenzari
Gozag
Kikubaaqudgha
Nemelex Xobeh
Okawaru
Sif Muna
Vehumet

Shops:
D:6 =

Annotations:
D:6 2 runed translucent doors, Burgietje's ghost, novice MiFi


Innate Abilities, Weirdness & Mutations

You cannot wear most types of armour.
You are very stealthy in the water. (Stealth+)
You are amphibious.
You can wear up to eight rings at the same time.
You can use your tentacles to constrict eight enemies at once.
Your skin changes colour to match your surroundings (Stealth+).
Your rubbery body absorbs attacks. (AC +1, EV +1)


Message History

The troll bites you. The troll claws you! The troll claws you.
You barely miss the troll. Your squeeze misses the troll.
You barely miss the troll. The troll closely misses you.
The troll barely misses you. The troll claws you!
You are too injured to fight recklessly!
Unknown command.
Okay, then.
Okay, then.
As you read the scroll labelled BEZXAB XEFF, it crumbles to dust.
It is a scroll of amnesia.
You feel forgetful for a moment. The troll closely misses you.
The troll claws you. The troll misses you.
As you read the scroll labelled JAUXEO ICSIR, it crumbles to dust.
Your ears itch!
It was a scroll of random uselessness.
The troll bites you!
* * * LOW HITPOINT WARNING * * *
The troll claws you!
* * * LOW HITPOINT WARNING * * *
The troll claws you!
You die...
Your body crumbles into a pile of gold.

# ############# #.. #
+..
###################
#..
....<.............#
################.#####
#........# #.##.#####
# #.# #@# #T# #h# ..#
... $ .... ####


You could see a troll and a hound.

Vanquished Creatures
  A two-headed ogre (D:8)
  Prince Ribbit (D:8)
  Sigmund (D:4)
  2 wargs (D:8)
  3 sky beasts
  An ice beast (D:5)
  7 ogres
  A centaur (D:5)
  5 bullfrogs
  4 scorpions
  3 wights (D:6)
  A howler monkey (D:4)
  A centaur zombie (D:6)
  A quasit (D:7)
  A bullfrog zombie (D:8)
  8 hounds
  7 orc wizards
  A gnoll shaman (D:6)
  A centaur skeleton (D:5)
  A jelly (D:8)
  3 orc priests
  3 bullfrog skeletons
  2 iguanas
  Natasha (thrice) (D:4)
  6 worker ants
  A howler monkey zombie (D:8)
  5 gnolls
  10 adders
  A white imp (D:5)
  2 ufetubi
  2 oozes
  3 adder skeletons
  3 dart slugs
  4 leopard geckos
  16 orcs
  6 giant cockroaches
  9 goblins
  8 hobgoblins
  11 jackals
  6 kobolds
  8 quokkas
  A ball python (D:2)
  A ball python zombie (D:5)
  6 bats
  6 frilled lizards
  A quokka skeleton (D:5)
  9 rats
187 creatures vanquished.

Vanquished Creatures (others)
  A howler monkey (D:6)
  An orc (D:5)
  A plant (D:8)
3 creatures vanquished.

Grand Total: 190 creatures vanquished

Notes
Turn   | Place    | Note
-------+----------+-------------------------------------------
     0 | D:1      | 112233 the Octopode Gladiator began the quest for the Orb.
     0 | D:1      | Reached XP level 1. HP: 14/14 MP: 1/1
   372 | D:1      | Reached XP level 2. HP: 19/19 MP: 2/2
   912 | D:2      | Found a shimmering blue altar of Sif Muna.
  1068 | D:2      | Reached XP level 3. HP: 24/25 MP: 3/3
  1778 | D:2      | Reached XP level 4. HP: 30/30 MP: 4/4
  2272 | D:3      | Reached skill level 4 in Polearms
  2398 | D:3      | Reached XP level 5. HP: 36/36 MP: 5/5
  2851 | D:3      | Noticed a sky beast
  2869 | D:3      | Killed a sky beast
  2870 | D:3      | Reached XP level 6. HP: 4/43 MP: 6/6
  3299 | D:3      | Found an iron altar of Okawaru.
  3397 | D:4      | Noticed Natasha
  3690 | D:3      | Reached skill level 5 in Polearms
  3770 | D:3      | Reached XP level 7. HP: 32/49 MP: 7/7
  4008 | D:4      | Reached skill level 5 in Dodging
  4041 | D:4      | Found an opulent altar of Gozag.
  4072 | D:4      | Became a worshipper of Gozag Ym Sagoz the Greedy
  4075 | D:4      | Found an ancient bone altar of Kikubaaqudgha.
  4383 | D:4      | Killed Natasha
  4387 | D:4      | Noticed Natasha
  4541 | D:4      | Killed Natasha
  4554 | D:4      | Reached skill level 6 in Polearms
  4576 | D:4      | Noticed Sigmund
  4586 | D:4      | Killed Sigmund
  4587 | D:4      | Reached skill level 5 in Fighting
  4587 | D:4      | Reached XP level 8. HP: 46/55 MP: 8/8
  4660 | D:4      | Noticed Natasha
  4673 | D:4      | Killed Natasha
  4811 | D:5      | Entered Level 5 of the Dungeon
  4822 | D:5      | Reached skill level 7 in Polearms
  6140 | D:6      | Found a sparkling altar of Nemelex Xobeh.
  6437 | D:6      | Reached skill level 8 in Polearms
  6437 | D:6      | Reached XP level 9. HP: 47/62 MP: 9/9
  6823 | D:6      | Found a broken altar of Ashenzari.
  6886 | D:6      | Found a runed translucent door.
  6893 | D:6      | Noticed Burgietje's ghost (novice MiFi)
  6950 | D:6      | Found Vasonk's Jewellery Shoppe.
  7034 | D:6      | Found a radiant altar of Vehumet.
  7072 | D:6      | Found a runed translucent door.
  7708 | D:6      | Reached skill level 9 in Polearms
  7860 | D:6      | Bought an uncursed ring of poison resistance for 300 gold
                  | pieces
  8415 | D:7      | Found a staircase to the Ecumenical Temple.
  8607 | D:7      | Found an opulent altar of Gozag.
  8687 | D:7      | Noticed a cyclops
  9405 | D:8      | Noticed a two-headed ogre
  9431 | D:8      | Killed a two-headed ogre
  9432 | D:8      | Reached skill level 10 in Polearms
  9432 | D:8      | Reached XP level 10. HP: 59/71 MP: 10/10
  9788 | D:8      | Noticed Prince Ribbit
  9798 | D:8      | Killed Prince Ribbit
  9897 | D:8      | Found a staircase to the Lair.
  9981 | D:8      | Mangled by a troll

Illustrated notes

Levels and vault maps discovered:
D:1:      matt_arrival_refuge, layout_basic
D:2:      layout_loops_corners, overflow_temple_1_default, minmay_liquid_box
D:3:      layout_loops_cross, okawaru_altar_gauntlet_db, serial_bayou_pond_b
D:4:      layout_rooms, kiku_gazebo_pond_becter, nicolae_gozag_seed_capital,
          uniq_sigmund, uniq_natasha
D:5:      layout_rooms
D:6:      minmay_chambers_of_threes, layout_gridville,
          nemelex_xobeh_ov_fountains_minmay, fiery_altar_vehumet,
          lemuel_coloured_pillars_altar, serial_shops, kennysheep_mini_moat,
          ebering_ghost_sewer_f, skrybe_limestone_x
D:7:      minmay_the_grid_octo_tiled_squarecenter [minmay_the_grid_octo_teeth,
          minmay_the_grid_octo_checkerflower, minmay_the_grid_octo_concentric,
          minmay_the_grid_octo_chip,
          minmay_the_grid_square_5x5_megaprize_checkered,
          minmay_the_grid_square_5x5_beaten_path,
          minmay_the_grid_square_5x5_doubleslash,
          minmay_the_grid_square_5x5_inner_z,
          minmay_the_grid_square_5x5_percent], layout_basic, lemuel_round_altar,
          tgw_fedhas, minmay_temple_entry_grid
D:8:      layout_basic, grunt_temple_overflow_holy_war,
          erik_lair_orcish_takeover, uniq_erica, uniq_prince_ribbit1

Skill      XL: |  1  2  3  4  5  6  7  8  9 10 |
---------------+-------------------------------+-----
Fighting       | 3 4 5 6 7 |  7.9
Polearms       | 4 5 6 8 10 | 10.5
Dodging        | 4 5 6 7 8 |  8.1
Throwing       | |  2.0

Action                   |  1- 3 |  4- 6 |  7- 9 | 10-12 || total
-------------------------+-------+-------+-------+-------++-------
Melee: Trident           |    65 |   123 |   147 |       ||   335
       Tentacles         |     9 |    25 |    55 |    14 ||   103
       Constrict         |    12 |    25 |    59 |     7 ||   103
       Spear             |       |       |   186 |    70 ||   256
Throw: Dart              |       |     2 |     9 |     9 ||    20
Evoke: Wand              |       |       |     1 |       ||     1
  Use: Potion            |       |     3 |     1 |       ||     4
       Scroll            |       |       |    10 |     2 ||    12
 Stab: Sleeping          |     7 |    12 |     9 |     1 ||    29
       Distracted        |       |     1 |     3 |     1 ||     5
       Invisible         |       |     1 |       |       ||     1
Armor: Skin              |     3 |     5 |     9 |     2 ||    19
Dodge: Dodged            |    27 |    94 |   143 |    28 ||   292
